 Dungeon Crawl Stone Soup version 0.30-a0-719-gcc4359ea44 (webtiles) character file.

Game seed: 15265028058244458210

1218 porpoise the Trooper (level 8, -6/61 HPs)
             Began as a Djinni Fire Elementalist on Jan 27, 2023.
             Was a Follower of Hepliaklqana.
             Mangled by a gnoll
             ... wielding a +0 halberd
              (13 damage)
             ... on level 5 of the Dungeon.
             The game lasted 00:20:35 (4729 turns).

porpoise the Trooper (Djinni Fire Elementalist)     Turns: 4729, Time: 00:20:36

Health: -6/61      AC:  4    Str: 11    XL:     8   Next: 75%
Gold:   413        EV: 12    Int: 18    God:    Hepliaklqana [*.....] SH:  5 Dex: 13

rFire   + + .      SeeInvis +    A - +2 dagger (elec)
rCold   x . .      Faith    .    (no shield)
rNeg    . . .      Spirit   .    n - +0 robe
rPois   ∞          Reflect  +    x - +0 helmet
rElec   .          Harm     .    e - +0 cloak
rCorr   .          Rampage  .    (no gloves)
Will    .....                    (boots unavailable)
Stlth   ++                       l - amulet of reflection
HPRegen 0.30/turn                r - +4 ring of slaying
MPRegen 0.00/turn                (no ring)

@: flying
A: reduced essence, sickness immunity, fire resistance 2, cold vulnerability 1,
float, innate caster, HP casting, extra vitality 1, see invisible, robust 1,
strong 1
a: Renounce Religion, Recall Ancestor, Ancestor Identity


You were on level 5 of the Dungeon.
You worshipped Hepliaklqana.
Hepliaklqana was aware of your devotion.
You visited 2 branches of the dungeon, and saw 9 of its levels.

You collected 413 gold pieces.

Inventory:

Hand Weapons
 b - a +3 sling of flaming
 w - a +3 dagger
 A - a +2 dagger of electrocution (weapon)
Missiles
 j - 7 poisoned darts
 B - 2 throwing nets
 C - 5 curare-tipped darts
Armour
 e - a +0 cloak (worn)
 n - a +0 robe (worn)
 x - a +0 helmet (worn)
Magical Staves
 a - a staff of conjuration
Jewellery
 l - an amulet of reflection (around neck)
 r - a +4 ring of slaying (left hand)
Scrolls
 c - a scroll of fear {unknown}
 d - a scroll of teleportation
 g - a scroll of poison {unknown}
 h - 3 scrolls of magic mapping {unknown}
 i - 3 scrolls of enchant weapon
 k - 2 scrolls of vulnerability
 s - a scroll of fog {unknown}
 u - a scroll of amnesia {unknown}
 v - a scroll of silence {unknown}
 y - a scroll of acquirement {unknown}
Potions
 f - a potion of magic
 m - a potion of heal wounds
 o - 2 potions of haste
 p - a potion of cancellation
 q - a potion of brilliance
 t - a potion of mutation
 z - a potion of ambrosia {unknown}


   Skills:
 * Level 6.0 Fighting
 + Level 2.7 Short Blades
 - Level 2.1 Dodging
 + Level 3.3 Stealth
 * Level 5.2 Spellcasting


You couldn't memorise any spells.
You knew the following spells:

 Your Spells              Type           Power      Damage    Failure   Level
a - Foxfire               Conj/Fire      92%        2x1d8     1%          1
b - Stone Arrow           Conj/Erth      46%        3d9       4%          3
f - Kiss of Death         Conj/Necr      92%        2d12      1%          1
h - Ensorcelled Hibernat  Hex/Ice        46%        N/A       2%          2
i - Inner Flame           Hex/Fire       23%        N/A       4%          3
k - Kindle Blastsparks    Fire/Tloc/Air  46%        2d13      4%          3
s - Scorch                Fire           46%        2d7       2%          2
w - Flame Wave            Conj/Fire      23%        2d8       14%         4
Your spell library was empty.

Dungeon Overview and Level Annotations

Branches:
Dungeon (8/15)             Temple (1/1) D:4
   Lair: D:8-11

Altars:
Ashenzari
Cheibriados
Dithmenos
Elyvilon
Fedhas
Gozag
Hepliaklqana
Nemelex Xobeh
Okawaru
Ru
Trog
Uskayaw
Wu Jian
Xom
Yredelemnul
Zin
The Shining One

Shops:
D:4 =


Innate Abilities, Weirdness & Mutations

Your life essence is reduced to manifest your ancestor. (-10% HP)
You are immune to sickness and miasma.
You are immune to poison.
Your flesh is very heat resistant. (rF++)
You are vulnerable to cold. (rC-)
You float through the air rather than walking.
You learn spells naturally, not from books.
Your magical power is your life essence.
You have superior vitality. (+4 MHP)
You have supernaturally acute eyesight. (SInv)
You are robust. (+10% HP)
Your muscles are strong. (Str +4, Int/Dex -1)


Message History

It stops flaming.
You block the centaur's attack. The centaur closely misses you.
The jackal barely misses Bekki.
Bekki misses the jackal.
A gnoll comes into view. It is wielding a +0 club.
The gnoll hits you with a +0 halberd.
* * * LOW HITPOINT WARNING * * *
The centaur closely misses you. The centaur barely misses you.
The gnoll moves out of view.
Items here: ))))) [[ †††.
You puncture the centaur!
The centaur is heavily wounded.
The jackal misses Bekki.
Bekki closely misses the jackal.
A gnoll comes into view. It is wielding a +0 flail.
The gnoll misses you. You block the gnoll's attack.
The centaur hits you but does no damage.
The centaur misses you.
The jackal barely misses Bekki.
You puncture the centaur!
The centaur is almost dead.
The centaur misses you. x2; Bekki closely misses the jackal.
The gnolls pick up the pace!
The gnoll closely misses you.
The gnoll hits you from afar with a +0 spear.
* * * LOW HITPOINT WARNING * * *
The jackal bites Bekki.
You hit the centaur.
You kill the centaur!
Bekki barely misses the jackal.
You block the gnoll's attack.
Your Fighting skill increases to level 6!
A gnoll bouda comes into view. It is wielding a +0 whip.
You closely miss the gnoll. The jackal closely misses you.
The adder bites Bekki but does no damage.
Bekki misses the jackal.
You block the gnoll's attack.
You barely miss the gnoll. The jackal bites you.
* * * LOW HITPOINT WARNING * * *
The adder bites Bekki.
Bekki misses the adder.
You hit the gnoll bouda but do no damage.
You block the jackal's attack.
The adder bites Bekki but does no damage.
The gnoll hits you from afar with a +0 halberd!
You die...

# .# ..+ # ..
#.# ... #.# .##
#.# .# #.# .#
#.# #.# # #.# .#
..#####@##..#
....†.Rhggg.#
...####S##'#####
..## #gg.......
.....#.g...####
#.......#
###.....##
#......####
#.........##


You could see the friendly Bekki the ancestor, a gnoll bouda, 5 gnolls, an adder
(ally target) and a jackal.

Vanquished Creatures
  Sigmund (D:2)
  An ogre (D:4)
  A centaur (D:5)
  Blork the orc (D:4)
  2 necrophages (D:4)
  A scorpion (D:4)
  A jelly (D:6)
  5 hounds
  An orc priest (D:4)
  Jessica (D:2)
  3 iguanas
  2 orc wizards
  Robin (D:4)
  A gnoll (D:5)
  4 adders
  A worm (D:4)
  4 dart slugs
  3 orcs
  7 endoplasms
  2 giant cockroaches
  13 goblins
  9 hobgoblins
  3 jackals (D:2)
  3 quokkas
  8 ball pythons
  6 bats
  2 frilled lizards (D:3)
  5 kobolds
92 creatures vanquished.

Vanquished Creatures (collateral kills)
  A scorpion (D:5)
  An iguana (D:5)
  2 orc wizards (D:5)
  3 jackals (D:5)
  A quokka (D:5)
8 creatures vanquished.

Vanquished Creatures (others)
  121 foxfires
121 creatures vanquished.

Grand Total: 221 creatures vanquished

Notes
Turn   | Place    | Note
-------+----------+-------------------------------------------
     0 | D:1      | porpoise the Djinni Fire Elementalist began the quest for
                  | the Orb.
     0 | D:1      | porpoise set off with the following spells memorised:
                  | Foxfire, Scorch, Kindle Blastsparks, Inner Flame, Flame
                  | Wave.
     0 | D:1      | Reached XP level 1. HP: 15/15 MP: 0/0
   329 | D:1      | Reached skill level 1 in Fighting
   329 | D:1      | Reached XP level 2. HP: 20/22 MP: 0/0
   815 | D:1      | Reached XP level 3. HP: 27/27 MP: 0/0
   815 | D:1      | Learned a level 1 spell: Kiss of Death
   920 | D:2      | Found a faded altar of an unknown god.
  1032 | D:2      | Noticed Sigmund
  1044 | D:2      | Gained mutation: You are robust. (+10% HP) [potion of
                  | mutation]
  1044 | D:2      | Gained mutation: Your muscles are strong. (Str +4, Int/Dex
                  | -1) [potion of mutation]
  1044 | D:2      | Gained mutation: You have supernaturally acute eyesight.
                  | (SInv) [potion of mutation]
  1071 | D:2      | Killed Sigmund
  1072 | D:2      | Reached skill level 3 in Fighting
  1072 | D:2      | Reached XP level 4. HP: 6/38 MP: 0/0
  1072 | D:2      | Reached XP level 5. HP: 7/44 MP: 0/0
  1072 | D:2      | Learned a level 2 spell: Ensorcelled Hibernation
  1265 | D:2      | Reached XP level 6. HP: 40/50 MP: 0/0
  1380 | D:2      | Noticed Jessica
  1382 | D:2      | Killed Jessica
  2248 | D:3      | Reached skill level 4 in Fighting
  2934 | D:4      | Reached skill level 1 in Short Blades
  2934 | D:4      | Reached XP level 7. HP: 51/57 MP: 0/0
  2934 | D:4      | Learned a level 3 spell: Stone Arrow
  2976 | D:4      | Found a staircase to the Ecumenical Temple.
  2988 | Temple   | Entered the Ecumenical Temple
  3134 | Temple   | Became a worshipper of Hepliaklqana the Forgotten
  3184 | D:4      | Found a hide-covered altar of Uskayaw.
  3184 | D:4      | Found a sparkling altar of Nemelex Xobeh.
  3761 | D:4      | Noticed Robin
  3764 | D:4      | Reached skill level 5 in Fighting
  3768 | D:4      | Killed Robin
  3776 | D:4      | Reached XP level 8. HP: 58/64 MP: 0/0
  4077 | D:4      | Found Ohah's One-of-a-Kind Rings.
  4104 | D:4      | Noticed Blork the orc
  4108 | D:4      | Killed Blork the orc
  4364 | D:5      | Entered Level 5 of the Dungeon
  4390 | D:5      | You are sucked into a shaft and drop 3 floors!
  4406 | D:8      | Found a basalt altar of Yredelemnul.
  4406 | D:8      | Found a shadowy altar of Dithmenos.
  4585 | D:6      | Reached * piety under Hepliaklqana
  4700 | D:5      | Reached skill level 5 in Spellcasting
  4727 | D:5      | Reached skill level 6 in Fighting
  4729 | D:5      | Mangled by a gnoll

Illustrated notes

Levels and vault maps discovered:
D:1:      lemuel_arrival_river_ford, layout_loops_cross,
          chequers_serial_rivers_small_3, grunt_decor_junction
D:2:      layout_basic, ebering_ecumenical_altar_mist, uniq_jessica,
          uniq_sigmund
D:3:      layout_loops_ring
D:4:      layout_basic, jmf_multi_god_temple, minmay_temple_entry_mini_moons,
          nicolae_shop_unique_rings, uniq_blork_the_orc, uniq_robin
D:5:      layout_basic, nicolae_overflow_crystal_walls,
          nicolae_fountain_basement
D:6:      layout_loops_cross, minivault_1
D:7:      layout_basic, uniq_crazy_yiuf_cottage
D:8:      layout_basic, nicolae_overflow_squiral, lair_entry_dummy,
          nzn_random_ring
Temple:   nicolae_temple_bog_church

Skill      XL: |  1  2  3  4  5  6  7  8 |
---------------+-------------------------+-----
Fighting       | 1 3 4 5 6 |  6.0
Spellcasting   | 3 4 5 |  5.2
Stealth        | 2 3 |  3.3
Short Blades   | 1 2 |  2.7
Dodging        | |  2.1

Action                     |  1- 3 |  4- 6 |  7- 9 || total
---------------------------+-------+-------+-------++-------
  Melee: Dagger            |    28 |    22 |    43 ||    93
         Staff             |       |       |     1 ||     1
   Fire: Sling             |       |    26 |    32 ||    58
   Cast: Foxfire           |    28 |    22 |    23 ||    73
         Scorch            |       |     2 |     2 ||     4
         Stone Arrow       |       |       |     5 ||     5
         Ensorcelled Hiber |       |       |     1 ||     1
 Invoke: Ancestor Identity |       |       |     1 ||     1
    Use: Potion            |     2 |       |       ||     2
         Scroll            |       |     6 |     2 ||     8
   Stab: Sleeping          |     1 |     1 |     2 ||     4
         Invisible         |     2 |       |       ||     2
 Armour: Robe              |     8 |     5 |    10 ||    23
  Dodge: Dodged            |    25 |    17 |    39 ||    81
  Block: Other             |       |     7 |     7 ||    14

Table legend: (Time is in decaauts)
 A = Elapsed time spent in this place.
 B = Non-inter-level travel time spent in this place.
 C = Inter-level travel time spent in this place.
 D = Time resting spent in this place.
 E = Time spent auto-exploring this place.
 F = Levels seen in this place.
 G = Mean time per level.
                   A        B        C        D        E       F      G
               +--------+--------+--------+--------+--------+-----+--------+
         Total |   4731 |   4617 |    114 |   1100 |   2678 |   9 |  525.7 |
       Dungeon |   4579 |   4470 |    109 |   1100 |   2566 |   8 |  572.4 |
        Temple |    151 |    146 |      5 |      0 |    112 |   1 |  151.0 |
               +--------+--------+--------+--------+--------+-----+--------+

Top non-repeatable levels by time:
     D:4: 1418 daAuts
     D:2: 1036 daAuts
     D:1: 890 daAuts
     D:3: 875 daAuts
  Temple: 151 daAuts
     D:8: 135 daAuts
     D:5: 120 daAuts
     D:6: 95 daAuts
     D:7: 6 daAuts
